 Dungeon Crawl Stone Soup version 0.27-a0-1281-ge233d83751 (webtiles) character file.

Game seed: 15470907168831351697

346 deadmanwalking the Cutter (level 6, -2/44 HPs)
             Began as a Vampire Gladiator on June 13, 2021.
             Was a Follower of Kikubaaqudgha.
             Slain by a kobold (4 damage)
             ... in a sewer.
             The game lasted 00:12:25 (3670 turns).

deadmanwalking the Cutter (Vampire Gladiator)       Turns: 3670, Time: 00:12:26

Health: -2/44      AC:  9    Str: 13    XL:     6   Next: 32%
Magic:  6/6        EV: 10    Int: 13    God:    Kikubaaqudgha [*.....]
Gold:   177        SH:  0    Dex: 15    Spells: 4/5 levels left

rFire    . . .     SeeInvis +   a - +0 rapier
rCold    . . .     Faith    .   (no shield)
rNeg     . . .     Spirit   .   e - +2 scale mail {rPois}
rPois    +         Reflect  .   c - +0 helmet
rElec    .         Harm     .   (no cloak)
rCorr    .         Rampage  .   (no gloves)
Will     .....                  (no boots)
Stlth    ..........             (no amulet)
HPRegen  0.34/turn              (no ring)
MPRegen  0.10/turn              (no ring)

@: lethally poisoned (-2 -> -4), healing quickly
A: alive, fangs 3, see invisible, vampiric 2
a: Exsanguinate, Renounce Religion, Receive Corpses


You were in a sewer.
You worshipped Kikubaaqudgha.
Kikubaaqudgha was aware of your devotion.
You visited 2 branches of the dungeon, and saw 5 of its levels.
You also visited: Sewer.

You collected 177 gold pieces.

Inventory:

Hand Weapons
 a - a +0 rapier (weapon)
 b - a +0 hunting sling
Missiles
 d - 3 throwing nets (quivered)
 f - 72 stones
 i - 74 arrows
 k - 26 bolts
 p - 23 poisoned darts
Armour
 c - a +0 helmet (worn)
 e - a +2 scale mail of poison resistance (worn)
 m - a +0 crystal plate armour
 t - a +0 kite shield
Scrolls
 u - a scroll of vulnerability {unknown}
Potions
 g - 2 potions of cancellation
 h - 2 potions of lignification {unknown}
 j - a potion of brilliance {unknown}
 l - 2 potions of might {unknown}
 n - a potion of magic
 o - 2 potions of heal wounds {unknown}
 q - a potion of invisibility {unknown}
 r - 3 potions of curing {unknown}
 s - a potion of flight


   Skills:
 - Level 1.7 Fighting
 * Level 7.6 Short Blades
 - Level 1.5 Throwing
 - Level 3.2 Dodging
 + Level 1.6 Necromancy


You had 4 spell levels left.
You knew the following spells:

 Your Spells              Type           Power      Damage    Failure   Level
a - Pain                  Necr           16%        1d4       63%         1

Your spell library contained the following spells:

 Spells                   Type           Power      Damage    Failure   Level
 Animate Skeleton         Necr           8%         N/A       63%         1
 Summon Small Mammal      Summ           0%         N/A       83%         1
 Corpse Rot               Necr/Air       N/A        N/A       86%         2
 Call Imp                 Summ           0%         N/A       93%         2
 Vampiric Draining        Necr           2%         2d6       94%         3
 Call Canine Familiar     Summ           0%         N/A       99%         3
 Summon Guardian Golem    Hex/Summ       0%         N/A       99%         3
 Summon Ice Beast         Ice/Summ       0%         N/A       100%        4
 Summon Lightning Spire   Summ/Air       0%         N/A       100%        4


Dungeon Overview and Level Annotations

Branches:
Dungeon (4/15)             Temple (1/1) D:4           Sewer (1/1)

Altars:
Dithmenos
Hepliaklqana
Kikubaaqudgha
Makhleb
Nemelex Xobeh
Okawaru
Qazlal
Uskayaw
Zin


Innate Abilities, Weirdness & Mutations

Your natural rate of healing is accelerated.
You have razor-sharp teeth.
You have supernaturally acute eyesight. (SInv)
You are afflicted with vampirism and can become a bat while bloodless.


Message History

The kobold hits you but does no damage.
The kobold hits you with a +0 short sword.
You hit the kobold but do no damage.
The kobold is severely wounded.
You feel very sick. The kobold hits you but does no damage.
The kobold closely misses you. The kobold brigand misses you.
The kobold splashes around in the water.
You puncture the kobold!
You kill the kobold!
Kikubaaqudgha accepts your kill.
You hear a splash.
You feel very sick. The kobold hits you but does no damage.
You barely miss the kobold brigand.
You bite the kobold brigand, but do no damage.
You feel sick.
The kobold hits you with a +0 short sword.
The kobold brigand splashes around in the water.
You are too injured to fight recklessly!
You barely miss the kobold brigand.
You feel sick.
The kobold splashes around in the water.
The kobold brigand hits you with a +0 dagger.
The kobold hits you but does no damage.
The kobold splashes around in the water.
The kobold brigand hits you with a +0 dagger!
* * * LOW HITPOINT WARNING * * *
It was a potion of cancellation.
Your magical effects are unravelling.
You feel magically purged.
You feel yourself speed up.
You feel sick.
The kobold hits you with a +2 dagger of venom.
* * * LOW HITPOINT WARNING * * *
The kobold barely misses you.
The kobold brigand hits you with a +0 dagger.
* * * LOW HITPOINT WARNING * * *
The kobold hits you with a +2 dagger of venom.
You die...
Kikubaaqudgha rasps: "You have failed me!
Welcome... death!"

#∩###......≈≈≈......##
#†###......≈≈......##
#††#..†....≈≈≈.....#
##.....†..÷≈≈......#
##.......≈≈≈......##
##.....≈≈≈≈≈.....†#
##....≈.≈≈≈....††.##
#......≈≈≈≈.≈..#...#
##......≈≈≈≈≈K@###..#
#..#...≈≈≈≈≈≈KK###..#
#÷###..≈≈≈≈≈≈≈...#..#
#∩###..≈≈≈≈≈≈.......#
####...≈≈≈≈≈≈......##
##....≈≈≈≈≈#....##
#.....≈≈≈≈≈##...#
##.....≈≈≈≈≈ ##.†#
#.....≈≈≈≈≈≈≈##..##


You could see a kobold brigand and 2 kobolds.

Vanquished Creatures
  A necrophage (D:4)
  A hound (D:4)
  A hound skeleton (D:4)
  A gnoll (D:1)
  6 river rats (Sewer)
  3 adders
  A white imp (D:4)
  2 ufetubi
  2 worms
  A dart slug (D:2)
  2 orcs (D:3)
  11 ball pythons
  8 endoplasms
  4 giant cockroaches
  3 goblins
  3 hobgoblins (D:1)
  9 jackals
  17 kobolds
  A quokka (D:1)
  2 bats (D:3)
  4 frilled lizards
  27 rats
110 creatures vanquished.

Notes
Turn   | Place    | Note
-------+----------+-------------------------------------------
     0 | D:1      | deadmanwalking the Vampire Gladiator began the quest for
                  | the Orb.
     0 | D:1      | Reached XP level 1. HP: 16/16 MP: 1/1
    44 | D:1      | Found a faded altar of an unknown god.
    72 | D:1      | Reached skill level 4 in Short Blades
    72 | D:1      | Reached XP level 2. HP: 22/22 MP: 2/2
   304 | D:1      | Gained mutation: You are afflicted with vampirism and can
                  | become a bat while bloodless. [Vampire growth]
   304 | D:1      | Reached XP level 3. HP: 22/27 MP: 3/3
   699 | D:2      | Reached skill level 5 in Short Blades
  1059 | D:2      | Reached XP level 4. HP: 33/33 MP: 4/4
  2439 | D:4      | Reached skill level 6 in Short Blades
  2491 | D:4      | Noticed a necrophage
  2511 | D:4      | Killed a necrophage
  2512 | D:4      | Reached skill level 7 in Short Blades
  2512 | D:4      | Reached XP level 5. HP: 23/38 MP: 5/5
  2614 | D:4      | Found a staircase to the Ecumenical Temple.
  2621 | Temple   | Entered the Ecumenical Temple
  2843 | Temple   | Became a worshipper of Kikubaaqudgha
  2915 | D:4      | Found a glowing drain.
  2919 | Sewer    | Entered a sewer
  3091 | Sewer    | Reached skill level 1 in Necromancy
  3091 | Sewer    | Reached XP level 6. HP: 26/44 MP: 6/6
  3307 | Sewer    | Reached * piety under Kikubaaqudgha
  3307 | Sewer    | Identified Kikubaaqudgha's Incunabulum of Dark Rituals
                  | (Kikubaaqudgha gifted it to you in a sewer)
  3307 | Sewer    | Received a gift from Kikubaaqudgha
  3312 | Sewer    | Learned a level 1 spell: Pain
  3670 | Sewer    | HP: 2/44 [kobold brigand (5)]
  3670 | Sewer    | Slain by a kobold

Illustrated notes

Levels and vault maps discovered:
D:1:      eino_arrival_cavern_d, layout_rooms, shapermc_ecumenical_altar_venn,
          hex_large
D:2:      layout_loops_ring, serial_bayou_ford_a, hangedman_decor_growths,
          kennysheep_cross_bottleneck, minmay_misc_feat_tower,
          chequers_serial_rivers_micro_c
D:3:      layout_basic, dk_vineyard_2, minmay_fountain_box,
          minmay_misc_feat_plants, feat_on_display
D:4:      layout_loops_ring, marbit_many_paths, kennysheep_mini_moat,
          temple_green, gup_sewer_entry_bowl, kennysheep_windowed_goal,
          uniq_crazy_yiuf_cottage
Temple:   jpeg_temple_island
Sewer:    sewer_minmay_treatment

Skill      XL: |  1  2  3  4  5 |
---------------+----------------+-----
Short Blades   | 4 5 7 |  7.6
Necromancy     | 1 |  1.6
Fighting       | |  1.7
Throwing       | |  1.5
Dodging        | |  3.2

Action                   |  1- 3 |  4- 6 || total
-------------------------+-------+-------++-------
Melee: Rapier            |   110 |   278 ||   388
       Bite              |     9 |    29 ||    38
 Fire: Hunting sling     |    24 |     4 ||    28
  Use: Scroll            |     3 |     4 ||     7
       Potion            |       |     1 ||     1
Armor: Scale mail        |    48 |    91 ||   139
       Leather armour    |     1 |       ||     1
Dodge: Dodged            |    46 |   147 ||   193

Table legend: (Time is in decaauts)
 A = Elapsed time spent in this place.
 B = Non-inter-level travel time spent in this place.
 C = Inter-level travel time spent in this place.
 D = Time resting spent in this place.
 E = Time spent auto-exploring this place.
 F = Levels seen in this place.
 G = Mean time per level.
                   A        B        C        D        E       F      G
               +--------+--------+--------+--------+--------+-----+--------+
         Total |   3657 |   3510 |    147 |    261 |   2201 |   6 |  609.5 |
       Dungeon |   2695 |   2548 |    147 |      0 |   1855 |   4 |  673.8 |
        Temple |    232 |    232 |      0 |    200 |      0 |   1 |  232.0 |
         Sewer |    730 |    730 |      0 |     61 |    345 |   1 |  730.0 |
               +--------+--------+--------+--------+--------+-----+--------+

Top non-repeatable levels by time:
     D:2: 905 daAuts
     D:3: 751 daAuts
   Sewer: 730 daAuts
     D:1: 708 daAuts
     D:4: 329 daAuts
  Temple: 232 daAuts
